 Dungeon Crawl Stone Soup version 0.20-a0-540-ge6d1839 (webtiles) character file.

421611 Klosterheim the Warrior (level 22, -2/205 HPs)
             Began as a Minotaur Fighter on Jan 29, 2017.
             Was the Champion of Okawaru.
             Slain by a deep troll (4 damage)
             ... led by an ironheart preserver
             ... on level 4 of the Vaults.
             The game lasted 02:36:40 (49728 turns).

Klosterheim the Warrior (Minotaur Fighter)         Turns: 49728, Time: 02:36:40

Health: -2/205     AC: 38    Str: 33    XL:     22   Next: 66%
Magic:  43/43      EV: 21    Int: 13    God:    Okawaru [******]
Gold:   1891       SH:  0    Dex: 21    Spells: 13/39 levels left

rFire    + . .     SeeInvis +   z - +10 lajatang of the Heavens {drain, rN+ MP+9 Int+4}
rCold    + + .     Gourm    .   i - +7 plate armour "Jefonua" {rC+}
rNeg     + + +     Faith    .   (shield currently unavailable)
rPois    +         Spirit   .   c - -2 hat of the Alchemist {rElec rPois rF+ rC+ rN+ MR+ rMut rCorr}
rElec    +         Reflect  +   M - +1 cloak "Omus" {rElec Dex+3 SInv}
rCorr    +         Harm     .   y - +2 pair of gloves {Dex+3}
rMut     +                      a - +1 pair of boots of Mocogro {rN++ Regen+ Str+3 Int+3}
MR       ++...                  r - +5 amulet of reflection
Stlth    ..........             B - +6 ring of protection
Regen    1.9/turn               Z - +5 ring of dexterity

@: confused, regenerating
A: retaliatory headbutt, horns 2, blink
}: 2/15 runes: decaying, gossamer
a: Blink, Heroism, Finesse, Renounce Religion


You were on level 4 of the Vaults.
You worshipped Okawaru.
Okawaru was exalted by your worship.
You were not hungry.

You visited 9 branches of the dungeon, and saw 41 of its levels.
You visited 1 bazaar.
You also visited: Wizlab.

You collected 4868 gold pieces.
You spent 2977 gold pieces at shops.

Inventory:

Hand Weapons
 s - a +3 lajatang of speed
 z - the +10 lajatang of the Heavens (weapon) {drain, rN+ MP+9 Int+4}
   (Okawaru gifted it to you on level 1 of the Orcish Mines)

   A truly terrible weapon, it drains the life of those it strikes.
   It affects your intelligence (+4).
   It protects you from negative energy.
   It affects your magic capacity (+9).
Armour
 a - the +1 pair of boots of Mocogro (worn) {rN++ Regen+ Str+3 Int+3}
   (You bought it in a shop on level 4 of the Dungeon)

   It affects your strength (+3).
   It affects your intelligence (+3).
   It greatly protects you from negative energy.
   It increases your rate of regeneration.
 c - the -2 hat of the Alchemist (worn) {rElec rPois rF+ rC+ rN+ MR+ rMut rCorr}
   (You bought it in a shop on level 4 of the Dungeon)

   It protects you from fire.
   It protects you from cold.
   It insulates you from electricity.
   It protects you from poison.
   It protects you from negative energy.
   It affects your resistance to hostile enchantments.
   It protects you from acid and corrosion.
   It protects you from mutation.
 i - the +7 plate armour "Jefonua" (worn) {rC+}
   (You bought it in a shop on level 4 of the Dungeon)

   It protects you from cold.
 y - a +2 pair of gloves of dexterity (worn)
 K - the +5 ring mail of Polish {rC++ Str+2}
   (You found it on level 9 of the Dungeon)

   It affects your strength (+2).
   It greatly protects you from cold.
 L - the +5 chain mail "Heamyothew" {MR- Dex+7 Stlth+}
   (You found it on level 10 of the Dungeon)

   It affects your dexterity (+7).
   It affects your resistance to hostile enchantments.
   It makes you more stealthy.
 M - the +1 cloak "Omus" (worn) {rElec Dex+3 SInv}
   (You bought it in a shop on level 3 of the Elven Halls)

   It affects your dexterity (+3).
   It insulates you from electricity.
   It lets you see invisible.
Jewellery
 r - a +5 amulet of reflection (around neck)
 B - a +6 ring of protection (right hand)
 V - an uncursed ring of protection from fire
 Z - a +5 ring of dexterity (left hand)
Wands
 v - a wand of flame (28/48)
 F - a wand of confusion (35/48)
 G - a wand of digging (11/24)
Scrolls
 j - 20 scrolls of remove curse
 m - 4 scrolls of magic mapping
 t - 2 scrolls of holy word
 u - 6 scrolls of recharging
 w - 4 scrolls of identify
 C - a scroll of silence
 E - a scroll of blinking
 I - 8 scrolls of enchant armour
 J - 6 scrolls of fog
 S - 3 scrolls of fear
 Y - 9 scrolls of teleportation
Potions
 b - 2 potions of berserk rage
 d - 17 potions of curing
 e - 3 potions of resistance
 h - 5 potions of ambrosia
 k - 2 potions of cure mutation
 n - 9 potions of heal wounds
 o - 2 potions of magic
 q - 5 potions of flight
 x - 3 potions of lignification
 A - 2 potions of brilliance
 D - 7 potions of haste
 H - a potion of cancellation
 W - 3 potions of agility
 X - 4 potions of might
Miscellaneous
 N - a lamp of fire
 Q - a lightning rod (4/4)
Comestibles
 f - 20 bread rations
 g - 17 meat rations
 l - 11 royal jellies
 p - 35 fruits
 O - 22 chunks of flesh


   Skills:
 - Level 19.1 Fighting
   Level 16.0(17.3) Polearms
 - Level 11.7(15.2) Staves
 - Level 18.1 Armour
 - Level 15.9 Dodging
 - Level 4.0 Stealth
   Level 3.6 Shields
 - Level 9.0 Spellcasting
 - Level 4.0 Hexes
 - Level 10.2 Charms
 + Level 9.7 Summonings
 - Level 8.3 Necromancy
 - Level 5.0 Translocations
 * Level 5.5 Air Magic
 - Level 7.3 Invocations


You had 13 spell levels left.
You knew the following spells:

 Your Spells              Type           Power        Failure   Level  Hunger
a - Regeneration          Chrm/Necr      ####......   3%          3    ##.....
b - Song of Slaying       Chrm           ####....     1%          2    None
c - Infusion              Chrm           ####         1%          1    None
d - Spectral Weapon       Hex/Chrm       ###.....     10%         3    ##.....
e - Shroud of Golubria    Chrm/Tloc      ####......   3%          2    None
f - Repel Missiles        Chrm/Air       ####..       2%          2    None
g - Swiftness             Chrm/Air       ####....     2%          2    None
h - Monstrous Menagerie   Summ           ####......   100%        7    #######
i - Summon Lightning Spi  Summ/Air       ####....     24%         4    ####...


Dungeon Overview and Level Annotations

Branches:
Dungeon (15/15)            Temple (0/1) D:7            Lair (6/6) D:9
  Swamp (4/4) Lair:4       Spider (4/4) Lair:3        Slime (0/5) Lair:6
    Orc (2/2) D:11            Elf (3/3) Orc:2        Vaults (4/5) D:13
  Crypt (1/3) Vaults:2     Depths (2/5) D:15

Altars:
Ashenzari
Hepliaklqana
Kikubaaqudgha
Makhleb
Nemelex Xobeh
Okawaru
Qazlal
Trog
Uskayaw
Vehumet
Xom
Beogh

Shops:
D:4 [   D:6 [%*   Orc:2 [:(((   Elf:1 *   Elf:3 [*[   Depths:1 [*}(}

Portals:
Hell: Depths:1
Abyss: Depths:1
Ziggurat: Depths:1

Annotations:
D:6 exclusion: oklob plant
Swamp:3 exclusion: Roxanne, Roxanne


Innate Abilities, Weirdness & Mutations

You reflexively headbutt those who attack you in melee.
You have a pair of horns on your head.
You can translocate small distances at will.


Message History

The deep troll completely misses you.
The deep troll claws you but does no damage.
The deep troll misses you. The deep troll completely misses you.
The deep troll claws you but does no damage.
The ogre closely misses you. You furiously retaliate!
You headbutt the ogre. The deep troll bites you!!
* * * LOW HITPOINT WARNING * * *
The deep troll claws you but does no damage. x2
Items here: )))) a giant spiked club; a giant club x2; a giant spiked club You are confused.
You feel invigorated. The deep troll closely misses you. x2
The deep troll misses you.
The deep troll bites you but does no damage.
The deep troll misses you. The deep troll claws you.
* * * LOW HITPOINT WARNING * * *
The ogre hits you with a giant spiked club!!!
* * * LOW HITPOINT WARNING * * *
The deep troll bites you.
You die...

...............
................
...............
..............#
..............+
..............#
..............# #...
.......[TOT...# #...#
.......)T@....# #...#
.......).)....# #...#
######'###...# #...#
#........#...# #...#
#........#...# #...#
#.8''''8.#...########...'
###....###..............#
#.8''''8.#..............#
#........#..............#


You could see 3 deep trolls and an ogre.

Vanquished Creatures
  Bai Suzhen (Swamp:3)
  A large abomination (Elf:3)
  Jorgrun (Swamp:3)
  A lich (Vaults:4)
  A titan (Depths:1)
  3 deep elf blademasters
  A deep elf master archer (Elf:3)
  Gastronok (D:8)
  An ancient champion (Crypt:1)
  A sphinx (Vaults:3)
  2 thorn hunters (Swamp:4)
  A storm dragon (Vaults:4)
  7 deep elf sorcerers
  3 fire giants (Depths:1)
  7 frost giants
  An emperor scorpion (Spider:1)
  4 ghost moths (Spider:4)
  10 vault wardens
  Aizul (Lair:4)
  6 deep elf elementalists (Elf:3)
  7 very ugly things (Depths:1)
  2 ghouls
  3 entropy weavers
  12 stone giants
  8 ironheart preservers
  7 deep elf demonologists
  A vampire knight (Crypt:1)
  12 deep elf annihilators (Elf:3)
  3 spark wasps (Spider:4)
  11 purple draconians (WizLab)
  5 ettins
  Snorg (Lair:5)
  4 dire elephants (Lair:6)
  5 deep elf death magi
  An eidolon (Crypt:1)
  3 jiangshi
  3 fire dragons
  12 vault guards
  37 hydras
  Josephine (Lair:6)
  The ghost of Duffy the Cleaver, a journeyman NaGl of Cheibriados (D:9)
  4 rakshasas
  7 yaktaur captains
  5 great orbs of eyes
  6 deep elf high priests (Elf:3)
  3 ice dragons
  5 catoblepae
  A ghost crab (Swamp:4)
  An anaconda (Lair:6)
  Erica (D:8)
  7 alligators
  47 two-headed ogres
  3 death yaks (Lair:5)
  4 death knights
  28 dancing weapons
  2 deep troll shamans
  8 centaur warriors
  13 ogre magi
  A queen ant (Spider:1)
  2 titan zombies (Orc:1)
  A deep troll earth mage (Vaults:4)
  3 tengu warriors
  A hell knight (Vaults:4)
  2 vampire magi
  A shock serpent (shapeshifter) (D:15)
  Urug (Lair:5)
  23 deep elf knights
  A small abomination (Elf:3)
  A salamander mystic (Depths:1)
  18 skeletal warriors
  A titan skeleton (Crypt:1)
  A shadow wraith (Vaults:2)
  A spriggan druid (Swamp:4)
  A glowing orange brain (Vaults:1)
  5 shambling mangroves
  5 phantasmal warriors
  4 wizards
  2 unseen horrors
  5 deep trolls
  10 deep elf archers
  10 swamp dragons
  A harpy (shapeshifter) (Vaults:2)
  9 ironbrand convokers
  2 lindwurms
  5 orc knights
  4 harpies (Vaults:3)
  88 deep elf magi
  13 orb spiders
  38 wolf spiders
  22 ugly things
  2 oklob plants (Lair:2)
  2 necromancers
  27 cyclopes
  A frost giant zombie (Vaults:1)
  4 salamanders (Depths:1)
  4 orc sorcerers
  A stone giant zombie (Orc:1)
  2 manticores
  2 guardian serpents (D:14)
  2 moths of wrath
  10 vault sentinels
  Maurice (D:13)
  2 black mambas (Lair:6)
  2 guardian serpents (shapeshifter)
  17 elephants
  26 spiny frogs
  A torpor snail (shapeshifter) (D:15)
  Psyche (D:11)
  5 gargoyles
  A spiny frog (shapeshifter) (Vaults:2)
  2 torpor snails (Spider:2)
  4 freezing wraiths
  A komodo dragon (Lair:6)
  30 yaktaurs
  5 demonic crawlers
  A polar bear (Lair:2)
  A tengu conjurer (D:15)
  27 jumping spiders
  6 tyrant leeches
  Grinder (D:3)
  A polar bear (shapeshifter) (Elf:1)
  A red devil (Depths:1)
  14 trolls
  8 bog bodies
  31 slime creatures
  17 blink frogs
  A meliai zombie (D:11)
  A dream sheep (shapeshifter) (Vaults:3)
  22 hornets
  8 hippogriffs
  82 redbacks
  2 water elementals
  The ghost of Klosterheim the Skirmisher, an amateur OgSk (D:4)
  5 air elementals
  The ghost of Klosterheim the Skirmisher, an amateur OgSk (D:5)
  A spriggan (Swamp:1)
  5 shadows
  A yak (shapeshifter) (Vaults:1)
  44 yaks
  An elf zombie (Vaults:1)
  19 humans
  11 wraiths
  25 tarantellas
  3 basilisks
  3 fire elementals
  5 wyverns
  4 hungry ghosts
  24 vampire mosquitoes
  Grum (D:8)
  18 swamp worms
  A faun zombie (Crypt:1)
  A warg (Orc:2)
  3 acid dragons
  21 soldier ants
  27 water moccasins
  5 insubstantial wisps (Swamp:1)
  A gelid demonspawn skeleton (Crypt:1)
  The ghost of Klosterheim the Skirmisher, an amateur OgSk (D:3)
  9 swamp drakes
  3 porcupines
  24 orc warriors
  2 sky beasts
  4 ice beasts
  A hornet zombie (D:14)
  5 phantoms
  A black bear (D:9)
  A black bear (shapeshifter) (Vaults:1)
  A necrophage (D:9)
  49 ogres
  29 wolves
  8 centaurs
  11 crocodiles
  4 big kobolds
  11 bullfrogs
  2 gnoll sergeants
  A cyclops zombie (Orc:1)
  2 earth elementals (Elf:1)
  A wyvern zombie (D:13)
  3 wyvern skeletons
  5 scorpions
  A water moccasin skeleton (D:9)
  A cyclops skeleton (Crypt:1)
  8 wights (D:14)
  11 killer bees
  4 electric eels
  9 howler monkeys
  A bullfrog zombie (D:5)
  8 crimson imps
  A centaur zombie (D:10)
  A quasit (D:13)
  25 orc priests
  3 centaur skeletons
  2 hounds
  19 orc wizards
  An iguana (D:7)
  Jessica (D:2)
  34 worker ants
  Terence (D:2)
  10 statues
  2 polar bear simulacra (D:15)
  5 yak simulacra (D:15)
  A wolf simulacrum (D:15)
  A hound zombie (D:5)
  A howler monkey zombie (D:6)
  26 adders
  8 gnolls
  4 shadow imps
  2 oozes (D:1)
  3 worms (D:2)
  2 dart slugs (D:1)
  6 leopard geckos
  87 orcs
  3 giant cockroaches
  9 goblins
  13 hobgoblins
  8 jackals
  15 kobolds
  2 quokkas
  7 bats
  3 frilled lizards
  2 leopard gecko skeletons
  A quokka zombie (D:8)
  12 rats
  3 river rat simulacra (D:15)
  A briar patch (Swamp:4)
  3 bushes (Bazaar)
  4 plants (Lair:6)
1783 creatures vanquished.

Vanquished Creatures (others)
  2 deep elf knights
  2 yaktaurs
  A redback (Spider:4)
  A human (D:13)
  2 briar patches (Swamp:4)
  A bush (D:6)
  2 fungi
  3 plants
  3 spectral weapons
17 creatures vanquished.

Grand Total: 1800 creatures vanquished

Notes
Turn   | Place    | Note
-------+----------+-------------------------------------------
     0 | D:1      | Klosterheim the Minotaur Fighter began the quest for the Orb.
     0 | D:1      | Reached XP level 1. HP: 19/19 MP: 0/0
    99 | D:1      | Reached XP level 2. HP: 26/26 MP: 1/1
   360 | D:1      | Reached XP level 3. HP: 29/31 MP: 2/2
  1103 | D:2      | Noticed Jessica
  1107 | D:2      | Killed Jessica
  1107 | D:2      | Reached skill level 5 in Polearms
  1107 | D:2      | Reached XP level 4. HP: 39/39 MP: 3/3
  1293 | D:2      | Found a sparkling altar of Nemelex Xobeh.
  1293 | D:2      | Noticed Terence
  1305 | D:2      | Killed Terence
  1568 | D:3      | Noticed a hand axe
  1570 | D:3      | Noticed a dagger
  1572 | D:3      | Found a hide-covered altar of Uskayaw.
  1701 | D:3      | Noticed Grinder
  1715 | D:3      | Killed Grinder
  1715 | D:3      | Reached XP level 5. HP: 13/45 MP: 4/4
  1715 | D:3      | Reached XP level 6. HP: 14/51 MP: 5/5
  2031 | D:3      | Noticed Klosterheim's ghost (amateur OgSk)
  2045 | D:3      | Killed Klosterheim's ghost
  2728 | D:4      | Found Mohauhac's Armour Shop.
  2740 | D:4      | Reached XP level 7. HP: 49/57 MP: 6/6
  2783 | D:4      | Noticed Klosterheim's ghost (amateur OgSk)
  2813 | D:4      | Killed Klosterheim's ghost
  2813 | D:4      | Reached skill level 10 in Polearms
  2999 | D:4      | Reached skill level 4 in Fighting
  3087 | D:4      | Reached skill level 5 in Fighting
  3201 | D:4      | Found a burning altar of Makhleb.
  3221 | D:4      | Found a burning altar of Makhleb.
  3497 | D:5      | Entered Level 5 of the Dungeon
  3505 | D:5      | Reached skill level 6 in Fighting
  3510 | D:5      | Reached XP level 8. HP: 64/70 MP: 7/7
  3545 | D:5      | Reached skill level 7 in Fighting
  3558 | D:5      | Noticed Klosterheim's ghost (amateur OgSk)
  3571 | D:5      | Killed Klosterheim's ghost
  3571 | D:5      | Reached skill level 8 in Fighting
  3830 | D:6      | Found Oledenes's Food Boutique.
  3835 | D:6      | HP: 3/74 [orc priest/trident (4)]
  3852 | D:4      | HP: 3/111 [bullfrog (4)]
  4321 | D:5      | Found a shattered altar of Ashenzari.
  4454 | D:5      | Found an ancient bone altar of Kikubaaqudgha.
  4458 | D:5      | Found a sparkling altar of Nemelex Xobeh.
  4692 | D:6      | Found Fapiliz's General Store.
  4777 | D:6      | Reached skill level 5 in Armour
  4777 | D:6      | Reached XP level 9. HP: 78/82 MP: 8/8
  4886 | D:6      | Found a shimmering altar of Xom.
  4894 | D:6      | Noticed an oklob plant
  4904 | D:6      | Found Puwon's Antique Armour Boutique.
  5078 | D:6      | Reached skill level 9 in Fighting
  5969 | D:7      | Found an iron altar of Okawaru.
  5972 | D:7      | Became a worshipper of Warmaster Okawaru
  6020 | D:7      | Found a staircase to the Ecumenical Temple.
  6111 | D:6      | Noticed a deep elf mage
  6792 | D:7      | Found a radiant altar of Vehumet.
  6951 | D:8      | Noticed Grum
  6976 | D:8      | Killed Grum
  7197 | D:8      | Reached * piety under Okawaru
  7322 | D:8      | Noticed Gastronok
  7381 | D:8      | Noticed Erica
  7389 | D:8      | Killed Erica
  7389 | D:8      | Reached skill level 10 in Fighting
  7477 | D:8      | Found a bloodstained altar of Trog.
  7677 | D:8      | Killed Gastronok
  7677 | D:8      | Reached ** piety under Okawaru
  7677 | D:8      | Reached *** piety under Okawaru
  7677 | D:8      | Reached XP level 10. HP: 73/94 MP: 5/9
  7794 | D:9      | Found a shimmering altar of Xom.
  7933 | D:9      | Found a staircase to the Lair.
  7974 | D:9      | Reached skill level 1 in Invocations
  7976 | D:9      | Reached **** piety under Okawaru
  8018 | D:9      | Noticed Duffy's ghost (journeyman NaGl)
  8065 | D:9      | Killed Duffy's ghost
  8065 | D:9      | Reached skill level 11 in Fighting
  8327 | D:9      | Found a stormy altar of Qazlal.
  8329 | D:9      | Got an encrusted ring mail
  8340 | D:9      | Identified the +5 ring mail of Polish {rC++ Str+2} (You found it on level 9 of the Dungeon)
  8423 | D:9      | Killed an unseen horror
  8576 | D:9      | Found a shimmering altar of Xom.
  8588 | D:9      | Reached XP level 11. HP: 80/102 MP: 12/12
  8603 | D:9      | Found a shimmering altar of Xom.
  8603 | D:9      | Found a shimmering altar of Xom.
  8622 | D:9      | Found a shimmering altar of Xom.
  8627 | D:9      | Found a shimmering altar of Xom.
  8688 | D:9      | Noticed a lindwurm
  8783 | D:9      | Noticed a glowing orange brain
  8787 | D:9      | a glowing orange brain changed into a merfolk
  8808 | D:10     | Entered Level 10 of the Dungeon
  8997 | D:10     | Got a steaming chain mail
  9011 | D:10     | Identified the +5 chain mail "Heamyothew" {MR- Dex+7 Stlth+} (You found it on level 10 of the Dungeon)
  9039 | D:10     | Noticed a lindwurm
  9041 | D:10     | Noticed a lindwurm
  9042 | D:10     | Noticed a lindwurm
  9043 | D:10     | Noticed a lindwurm
  9535 | D:11     | Noticed Psyche
  9544 | D:11     | Killed Psyche
  9585 | D:11     | Reached skill level 15 in Polearms
  9640 | D:11     | Reached ***** piety under Okawaru
  9739 | D:11     | Noticed a centaur warrior
  9751 | D:11     | Killed a centaur warrior
  9751 | D:11     | Received a gift from Okawaru
  9768 | D:11     | Noticed a skeletal warrior
  9797 | D:11     | Killed a skeletal warrior
  9797 | D:11     | Reached skill level 12 in Fighting
 10228 | D:11     | Noticed a skeletal warrior
 10408 | D:11     | Noticed a skeletal warrior
 10451 | D:11     | Killed a skeletal warrior
 10480 | D:11     | Noticed a seven-headed hydra
 10504 | D:11     | Killed a two-headed hydra
 10504 | D:11     | Reached skill level 1 in Dodging
 10624 | D:11     | Noticed a two-headed ogre
 10634 | D:11     | Killed a two-headed ogre
 10661 | D:11     | Noticed a deep elf mage
 10678 | D:11     | Killed a deep elf mage
 10678 | D:11     | Reached XP level 12. HP: 104/113 MP: 3/14
 10798 | D:11     | Noticed a two-headed ogre
 10806 | D:11     | Killed a two-headed ogre
 10866 | D:11     | Found a staircase to the Orcish Mines.
 10895 | D:11     | Reached skill level 13 in Fighting
 10930 | D:11     | Found a roughly hewn altar of Beogh.
 11416 | Orc:1    | Entered Level 1 of the Orcish Mines
 11445 | Orc:1    | Noticed a two-headed ogre
 11455 | Orc:1    | Killed a two-headed ogre
 11455 | Orc:1    | Reached skill level 5 in Dodging
 11498 | Orc:1    | Reached skill level 10 in Armour
 11537 | Orc:1    | Paralysed by an orc sorcerer for 3 turns
 11542 | Orc:1    | Paralysed by an orc sorcerer for 4 turns
 11606 | Orc:1    | Noticed an ettin
 11671 | Orc:1    | Killed an ettin
 11706 | Orc:1    | Noticed a two-headed ogre
 11718 | Orc:1    | Killed a two-headed ogre
 11942 | Orc:1    | Found a roughly hewn altar of Beogh.
 12008 | Orc:1    | Received a gift from Okawaru
 12011 | Orc:1    | Got a twisted lajatang {god gift}
 12020 | Orc:1    | Identified the +10 lajatang of the Heavens {drain, rN+ MP+9 Int+4} (Okawaru gifted it to you on level 1 of the Orcish Mines)
 12162 | Orc:1    | Reached skill level 1 in Staves
 12576 | Orc:1    | Reached skill level 5 in Staves
 12636 | Orc:1    | Noticed an ettin
 12636 | Orc:1    | Noticed a frost giant
 12687 | Orc:1    | Reached XP level 13. HP: 123/123 MP: 15/15
 12963 | Orc:1    | Reached ****** piety under Okawaru
 12979 | Orc:1    | Killed a frost giant
 13002 | Orc:1    | HP: 1/123 [ettin/dire flail (32)]
 13056 | Orc:1    | Killed an ettin
 13433 | Orc:1    | Reached skill level 10 in Staves
 13442 | Orc:1    | Received a gift from Okawaru
 13445 | Orc:1    | Got a bloodstained dire flail {god gift}
 13446 | Orc:1    | Identified the +8 dire flail of Qibb {crush, Str+6 Dex-3} (Okawaru gifted it to you on level 1 of the Orcish Mines)
 13725 | Orc:1    | Got an ichor-stained whip
 13733 | Orc:1    | Identified the +7 whip of the Shallot {flame, rF+ rC+} (You found it on level 1 of the Orcish Mines)
 13968 | D:4      | Bought the +1 pair of boots of Mocogro {rN++ Regen+ Str+3 Int+3} for 514 gold pieces
 13968 | D:4      | Bought the -2 hat of the Alchemist {rElec rPois rF+ rC+ rN+ MR+ rMut rCorr} for 613 gold pieces
 14159 | Orc:2    | Entered Level 2 of the Orcish Mines
 14167 | Orc:2    | Found Yry Fomp's Antique Armour Emporium.
 14241 | Orc:2    | Found a staircase to the Elven Halls.
 14435 | Orc:2    | Found Keuxas's Book Shoppe.
 14436 | Orc:2    | Found Ofikluots's Weapon Shoppe.
 14603 | Orc:2    | Reached skill level 14 in Fighting
 14604 | Orc:2    | Received a gift from Okawaru
 14624 | Orc:1    | Reached skill level 5 in Invocations
 14802 | Orc:2    | Found Qerrus's Weapon Shop.
 14804 | Orc:2    | Found Nyruqip's Weapon Emporium.
 14851 | Orc:2    | Reached XP level 14. HP: 132/133 MP: 17/17
 14876 | Orc:2    | Learned a level 3 spell: Regeneration
 15402 | Lair:1   | Entered Level 1 of the Lair of Beasts
 15729 | Lair:1   | Received a gift from Okawaru
 15730 | Lair:1   | Got a pair of ichor-stained boots {god gift}
 15741 | Lair:1   | Identified the +0 pair of boots of Boredom {Regen+ Str-2 Int+9 Dex-4} (Okawaru gifted it to you on level 1 of the Lair of Beasts)
 17503 | Lair:3   | Got a polished dire flail
 17504 | Lair:3   | Identified the cursed +2 dire flail of Poab {crush, -Tele rN+ Stlth+} (You found it on level 3 of the Lair of Beasts)
 17582 | Lair:3   | Found a hole to the Spider Nest.
 18222 | Lair:4   | Reached skill level 15 in Fighting
 18379 | Lair:4   | Found a staircase to the Swamp.
 18600 | Lair:5   | Noticed Urug
 18609 | Lair:5   | Killed Urug
 18708 | Lair:5   | Received a gift from Okawaru
 19218 | Lair:5   | Noticed Snorg
 19225 | Lair:5   | Killed Snorg
 19606 | Lair:6   | Entered Level 6 of the Lair of Beasts
 19606 | Lair:6   | Noticed Josephine
 19614 | Lair:6   | Killed Josephine
 19658 | Lair:6   | Received a gift from Okawaru
 19673 | Lair:6   | Reached skill level 10 in Dodging
 19754 | Lair:6   | Reached XP level 15. HP: 118/141 MP: 19/19
 19975 | Lair:6   | Found a staircase to the Slime Pits.
 20552 | Lair:6   | Reached skill level 16 in Fighting
 20569 | Lair:6   | Identified the Almanac of Creation and Battle Magic
 20757 | Swamp:1  | Entered Level 1 of the Swamp
 20757 | Swamp:1  | Noticed Aizul
 20773 | Lair:4   | Killed Aizul
 20917 | Swamp:1  | Received a gift from Okawaru
 20924 | Swamp:1  | Got a twisted halberd {god gift}
 20935 | Swamp:1  | Identified the +5 halberd of Kyrad {chop, rPois rC+} (Okawaru gifted it to you on level 1 of the Swamp)
 21032 | Swamp:1  | Reached skill level 1 in Charms
 21045 | Swamp:1  | Reached skill level 1 in Spellcasting
 21048 | Swamp:1  | Reached skill level 1 in Necromancy
 21858 | Swamp:2  | Received a gift from Okawaru
 22459 | Swamp:3  | Noticed Roxanne
 22601 | Swamp:3  | Noticed Bai Suzhen
 22611 | Swamp:3  | Killed Bai Suzhen
 22611 | Swamp:3  | Reached XP level 16. HP: 135/152 MP: 18/20
 22639 | Swamp:3  | Noticed Jorgrun
 22653 | Swamp:3  | Killed Jorgrun
 22653 | Swamp:3  | Received a gift from Okawaru
 22656 | Swamp:3  | Got a heavily runed buckler {god gift}
 23201 | Swamp:4  | Entered Level 4 of the Swamp
 23201 | Swamp:4  | Noticed a thorn hunter
 23209 | Swamp:4  | Killed a thorn hunter
 23471 | Swamp:4  | Noticed a thorn hunter
 23499 | Swamp:4  | Killed a thorn hunter
 23791 | Swamp:4  | Reached skill level 5 in Necromancy
 23867 | Swamp:4  | Received a gift from Okawaru
 23876 | Swamp:4  | Reached skill level 5 in Charms
 23881 | Swamp:4  | Received a gift from Okawaru
 23881 | Swamp:4  | Reached skill level 5 in Spellcasting
 23894 | Swamp:4  | HP: 10/228 [bog body (8)]
 24059 | Swamp:4  | Got a transparent bardiche {god gift}
 24060 | Swamp:4  | Identified the +6 bardiche of Midnight {venom, rC- Dex+4 Stlth+} (Okawaru gifted it to you on level 4 of the Swamp)
 24129 | Swamp:4  | Got a decaying rune of Zot
 24662 | Swamp:4  | Gained mutation: You can translocate small distances at will. [potion of beneficial mutation]
 24790 | Spider:1 | Entered Level 1 of the Spider Nest
 24987 | Spider:1 | Received a gift from Okawaru
 25044 | Spider:1 | Learned a level 2 spell: Song of Slaying
 25046 | Spider:1 | Learned a level 1 spell: Infusion
 25277 | Spider:1 | Reached XP level 17. HP: 159/159 MP: 24/24
 25721 | Spider:1 | Found a roughly hewn altar of Beogh.
 26717 | Spider:3 | Received a gift from Okawaru
 27123 | Spider:4 | Entered Level 4 of the Spider Nest
 29100 | Spider:4 | Got a gossamer rune of Zot
 29494 | D:12     | Reached XP level 18. HP: 168/168 MP: 28/28
 29530 | D:12     | Received a gift from Okawaru
 30402 | D:13     | Noticed Maurice
 30408 | D:13     | Killed Maurice
 30641 | D:13     | Reached skill level 15 in Armour
 30682 | D:13     | Found a gate to the Vaults.
 31274 | D:14     | Reached skill level 17 in Fighting
 31650 | D:14     | Found a hazy altar of Hepliaklqana.
 32623 | D:14     | Learned a level 3 spell: Spectral Weapon
 32626 | D:14     | Learned a level 2 spell: Shroud of Golubria
 32629 | D:14     | Learned a level 2 spell: Repel Missiles
 32632 | D:14     | Learned a level 2 spell: Swiftness
 32651 | D:15     | Entered Level 15 of the Dungeon
 32762 | D:15     | Found a staircase to the Depths.
 33143 | D:15     | Reached skill level 1 in Hexes
 33152 | D:15     | Reached skill level 1 in Air Magic
 33187 | D:15     | Reached skill level 1 in Translocations
 33510 | Depths:1 | Entered Level 1 of the Depths
 33515 | D:15     | Received a gift from Okawaru
 33530 | D:15     | Got an encrusted cloak {god gift}
 33541 | D:15     | Identified the +0 cloak of Too Many Cooks {-Cast rPois rF- Int+8} (Okawaru gifted it to you on level 15 of the Dungeon)
 33795 | Depths:1 | Found Roiteh's Antique Armour Shoppe.
 33885 | Depths:1 | Found Intab's Gadget Shop.
 33887 | Depths:1 | Found Yrhif's Gadget Boutique.
 33887 | Depths:1 | Found Osuohykh's Assorted Antiques.
 33890 | Depths:1 | Found Vucem's Weapon Boutique.
 33989 | Depths:1 | Reached XP level 19. HP: 167/177 MP: 29/29
 33996 | Depths:1 | Found a gateway to a ziggurat.
 34392 | Depths:1 | Found a one-way gate to the infinite horrors of the Abyss.
 34411 | Depths:1 | Found a runed door.
 34560 | Depths:1 | Reached skill level 1 in Stealth
 34577 | Depths:1 | Received a gift from Okawaru
 34817 | Depths:1 | Found a gateway to Hell.
 35505 | Depths:2 | Noticed a Tzitzimitl
 35508 | Depths:2 | Noticed a caustic shrike
 35686 | Depths:1 | Reached skill level 18 in Fighting
 36115 | Elf:1    | Entered Level 1 of the Elven Halls
 36241 | Elf:1    | Found Eaurrodd's Eclectic Emporium.
 37130 | Elf:2    | Found a runed gate.
 37130 | Elf:2    | Found a runed gate.
 37131 | Elf:2    | Found a runed gate.
 37411 | Elf:2    | Noticed a Tzitzimitl
 38124 | Elf:3    | Entered Level 3 of the Elven Halls
 38572 | Elf:2    | Received a gift from Okawaru
 38573 | Elf:2    | Got a pair of twisted boots {god gift}
 38584 | Elf:2    | Identified the +2 pair of boots "Isiomp" {rElec Int+4} (Okawaru gifted it to you on level 2 of the Elven Halls)
 38693 | Elf:2    | Reached XP level 20. HP: 189/189 MP: 30/30
 38963 | Elf:2    | Reached skill level 19 in Fighting
 39462 | Elf:3    | Reached skill level 15 in Dodging
 39781 | Elf:3    | Found Haodghiu's Assorted Antiques.
 39845 | Elf:3    | Found Huwazxouxu's Antique Armour Emporium.
 39990 | Elf:3    | Found Resiffai's Armour Emporium.
 39998 | Elf:3    | Bought the +1 cloak "Omus" {rElec Dex+3 SInv} for 544 gold pieces
 40737 | Elf:3    | Received a gift from Okawaru
 41062 | Elf:3    | Received a gift from Okawaru
 41076 | Elf:3    | Reached skill level 10 in Charms
 41620 | Elf:3    | Identified Lataniew's Collected Works on Lucky Displacement
 41630 | Elf:3    | Got a faintly glowing cloak
 41658 | Elf:3    | Identified the +1 cloak of the Cricket {rC+} (You found it on level 3 of the Elven Halls)
 41759 | Elf:3    | Learned a level 7 spell: Monstrous Menagerie
 41891 | Elf:3    | Reached skill level 1 in Summonings
 41984 | Elf:3    | Reached XP level 21. HP: 198/198 MP: 31/31
 42354 | Vaults:1 | Entered Level 1 of the Vaults
 43192 | Vaults:1 | Received a gift from Okawaru
 43208 | Vaults:1 | Reached skill level 5 in Summonings
 43704 | D:4      | Bought the +7 plate armour "Jefonua" {rC+} for 936 gold pieces
 45365 | Vaults:2 | Found a staircase to the Crypt.
 45380 | Crypt:1  | Entered Level 1 of the Crypt
 45413 | Crypt:1  | Received a gift from Okawaru
 45640 | Vaults:2 | Found a flickering gateway to a bazaar.
 45701 | Bazaar   | Entered a bazaar
 45701 | Bazaar   | Found Pock's Armour Shop.
 45701 | Bazaar   | Found Fakh's Armour Boutique.
 45701 | Bazaar   | Found Doust's Book Boutique.
 45701 | Bazaar   | Found Amiduute's Food Boutique.
 45701 | Bazaar   | Found Kehemn's Jewellery Shop.
 45728 | Bazaar   | Bought a +5 ring of dexterity for 370 gold pieces
 46570 | Vaults:3 | Found a magical portal.
 46584 | WizLab   | Entered Iskenderun's Mystic Tower
 46923 | WizLab   | Reached XP level 22. HP: 205/205 MP: 33/33
 47620 | WizLab   | Reached skill level 5 in Translocations
 47631 | WizLab   | Received a gift from Okawaru
 47632 | WizLab   | Got a pair of crude boots {god gift}
 47643 | WizLab   | Identified the +3 pair of boots of the Gate {Str-3 Int+6} (Okawaru gifted it to you in a wizard's laboratory)
 47810 | WizLab   | Identified the Compendium of Feathers
 47859 | WizLab   | Identified Iskenderun's Almanac of Attacks
 47859 | WizLab   | Identified Iskenderun's Tome of Confrontation
 47912 | WizLab   | Learned a level 4 spell: Summon Lightning Spire
 49609 | Vaults:4 | Reached skill level 5 in Air Magic
 49728 | Vaults:4 | HP: 2/205 [ogre/giant spiked club[an ironheart preserver] (36)]
 49728 | Vaults:4 | Slain by a deep troll

Vault maps used:
D:1:      dpeg_arrival_arbitrary_b, serial_forest, infiniplex_forest_clump_long,
          infiniplex_forest_clump_curved, infiniplex_forest_end_2,
          infiniplex_forest_clump_C, infiniplex_forest_side_room,
          infiniplex_forest_corner_2, infiniplex_forest_lined_2
D:2:      nemelex_spade_bored_becter, uniq_jessica, uniq_terence
D:3:      dancing_weapons_uskayaw, first_bread, uniq_grinder
D:4:      lemuel_round_altar, serial_shops, shop, bloody_makhleb
D:5:      lemuel_coloured_pillars_altar, grunt_temple_overflow_open
D:6:      minmay_klotski, portal_sewer_entry_e, serial_shops, shop_statue, shop,
          shop, fountainhead, nicolae_benzene_ring, kennysheep_diamond,
          minmay_misc_feat_plants, lemuel_oklob_altar
D:7:      vehumet_statue, lemuel_doored_altar, minmay_temple_entry_metal_lava
D:8:      bloody_trog, blue_anna_alchemist, uniq_gastronok, uniq_grum,
          uniq_erica
D:9:      kennysheep_little_box, david_lair_generic, basic_altar,
          xom_shifter_show
D:10:     serial_bayou_ford_a, minmay_lindwurm_lava
D:11:     minmay_orc_entry_temple_small, uniq_psyche
D:12:     lemuel_reptile_caves
D:13:     grunt_vaults_entry_tiered, uniq_maurice
D:14:     nrook_guardian_serpent_snake_passage, basic_altar
D:15:     grunt_enter_depths_hoard, minivault_24, eino_house_with_fridge
Lair:1:   grunt_megastairs_4
Lair:2:   minmay_lair_oklob_chamber
Lair:3:   spider_nest_entry_webs
Lair:4:   minmay_swamp_entry_worms
Lair:5:   uniq_urug, uniq_snorg
Lair:6:   due_jungle_book, slime_dummy, serial_bayou, serial_bayou_pond_b,
          serial_bayou_shore_a, serial_bayou_shore_b, serial_bayou_shore_b,
          lemuel_fruit_tree, uniq_josephine
Swamp:1:  infiniplex_staircase_pool, nicolae_swamp_feature_on_the_river_bank,
          uniq_aizul
Swamp:2:  nicolae_swamp_dense_foliage
Swamp:3:  hangedman_swamp_ruin_wall, swamp_pool4, uniq_bai_suzhen, uniq_roxanne,
          uniq_jorgrun
Swamp:4:  swamp_alternative, swamp_pool5, nicolae_swamp_baby_hydras
Spider:1: nicolae_spider_mines_2, spider_trap, zaba_anthell
Spider:4: grunt_spider_rune_parallel
Orc:1:    giant_chief_lemuel, basic_altar, nicolae_volcano_entry_vermiform
Orc:2:    st_orc_open, serial_shops, nicolae_shop_competitors_out_of_business
Elf:1:    eino_elf_arrival_sip, evilmike_minifort, nicolae_alphabet_shops
Elf:2:    st_stairs_14
Elf:3:    minmay_elf_hall_four_x, serial_shops,
          nicolae_shop_temple_entry_statues_fountains, shop, shop
Vaults:1: hangedman_vaults_maws, nicolae_vaults_network_periphery,
          nicolae_vaults_little_squares_4, vaults_room_door_hall,
          grunt_vaults_hallway_short, vaults_mumra_hex,
          nicolae_vaults_three_branches, v_misc_19, v_misc_11,
          nicolae_vaults_asterisk, nicolae_vaults_little_ls,
          nicolae_vaults_specimen_jars, vaults_room_grid, ontoclasm_vaults_twist
Vaults:2: v_rooms_1, nicolae_vaults_holding_cells, v_misc_10,
          nicolae_vaults_hallways_thing, vaults_dpeg_diagonal,
          hangedman_vaults_nails, v_alt_pattern_5, vaults_room_hallway,
          v_misc_15, vaults_room_stairs_pillars,
          nicolae_vaults_big_angled_halls, nicolae_vaults_border_crossing,
          grunt_vaults_hallway_long, ontoclasm_vaults_fault, dummy_crypt_entry,
          serial_shops, bzr_entry_gold
Vaults:3: v_misc_26, ontoclasm_vaults_ligature, ontoclasm_vaults_shuriken,
          ontoclasm_vaults_eye, v_alt_pattern_4,
          ontoclasm_vaults_loading_screen, vaults_room_semicircle,
          mu_enter_wizlab_5
Vaults:4: nicolae_vaults_circle_grid_b, ontoclasm_vaults_bender, v_misc_32,
          vaults_room_corners, hangedman_vaults_stretched_pinwheel,
          nicolae_vaults_arrows, vaults_room_hallway, ontoclasm_vaults_gateway,
          serial_shops, bzr_entry_water
Crypt:1:  due_chaos_kobolds, hangedman_feature_mirror
Depths:1: enter_ziggurat_f, hellmouth_1, abyss_entry, minmay_holes,
          serial_shops, shop, minmay_misc_feat_iff, hex_tiny,
          minmay_misc_feat_rows, nrook_mini_backslash, lightli_giant_bouncers,
          minmay_shoptagon
Depths:2: minmay_connected_boxes_in_corner, grunt_hell_entry_dis_grunt,
          minmay_misc_feat_roman, serial_shops, bzr_entry_road
Bazaar:   bazaar_minmay_trees
WizLab:   wizlab_iskenderun

Skill      XL: |  1  2  3  4  5  6  7  8  9 10 11 12 13 14 15 16 17 18 19 20 21 22 |
---------------+-------------------------------------------------------------------+-----
Polearms       | 3 4 5 8 9 10 11 13 14 16 | 16.0
Fighting       | 6 8 10 11 12 13 14 15 16 17 18 19 | 19.1
Armour         | 5 7 8 10 11 13 14 15 16 18 | 18.1
Invocations    | 3 4 5 7 |  7.3
Dodging        | 3 6 7 10 11 12 14 15 | 15.9
Staves         | 7 11 | 11.7
Charms         | 3 6 7 8 10 | 10.2
Spellcasting   | 3 5 7 8 9 |  9.0
Necromancy     | 3 6 8 |  8.3
Hexes          | 3 4 |  4.0
Air Magic      | 1 5 |  5.5
Translocations | 1 4 5 |  5.0
Stealth        | 4 |  4.0
Summonings     | 1 8 9 |  9.7
Shields        | |  3.6

Action                   |  1- 3 |  4- 6 |  7- 9 | 10-12 | 13-15 | 16-18 | 19-21 | 22-24 || total
-------------------------+-------+-------+-------+-------+-------+-------+-------+-------++-------
Melee: Trident           |    92 |   103 |   368 |   408 |       |       |       |       ||   971
       Headbutt          |     4 |    16 |    61 |   139 |   234 |   383 |   366 |   131 ||  1334
       Punch             |       |       |       |     9 |       |       |       |       ||     9
       Scimitar          |       |       |       |     5 |       |       |       |       ||     5
       Halberd           |       |       |       |    68 |       |       |       |       ||    68
       Lajatang          |       |       |       |    43 |   810 |  1317 |  1262 |   352 ||  3784
       Glaive            |       |       |       |    22 |       |       |       |       ||    22
 Cast: Regeneration      |       |       |       |       |       |    10 |    14 |     9 ||    33
       Song of Slaying   |       |       |       |       |       |     7 |    13 |     1 ||    21
       Infusion          |       |       |       |       |       |     4 |    12 |       ||    16
       Spectral Weapon   |       |       |       |       |       |     4 |     2 |     1 ||     7
       Shroud of Golubri |       |       |       |       |       |     3 |    17 |     8 ||    28
       Repel Missiles    |       |       |       |       |       |     2 |     7 |     3 ||    12
       Swiftness         |       |       |       |       |       |       |     1 |     6 ||     7
       Summon Lightning  |       |       |       |       |       |       |       |     1 ||     1
Invok: Heroism           |       |       |     1 |    13 |    10 |    13 |    10 |       ||    47
       Finesse           |       |       |       |     7 |     5 |     6 |     3 |       ||    21
 Abil: Blink             |       |       |       |       |       |     1 |       |       ||     1
Evoke: Wand              |       |       |       |       |       |       |     5 |       ||     5
  Use: Potion            |       |     1 |     2 |       |     3 |     9 |       |     1 ||    16
       Scroll            |       |     7 |     5 |     2 |    10 |    18 |     8 |       ||    50
 Stab: Distracted        |       |       |       |     1 |       |       |     2 |       ||     3
       Confused          |       |       |       |       |       |     1 |       |       ||     1
       Sleeping          |       |       |       |       |       |       |     2 |       ||     2
  Eat: Chunk             |     1 |     5 |    15 |    18 |    30 |    35 |    32 |     7 ||   143
       Fruit             |       |       |       |       |     2 |     8 |    12 |     4 ||    26
Armor: Scale mail        |    24 |    18 |    88 |    28 |       |       |       |       ||   158
       Ring mail         |       |       |       |    39 |    86 |    57 |   245 |     1 ||   428
       Chain mail        |       |       |       |   150 |   402 |   987 |       |       ||  1539
       Skin              |       |       |       |       |       |    22 |       |       ||    22
       Plate armour      |       |       |       |       |       |       |   118 |   169 ||   287
Dodge: Dodged            |    19 |    19 |   106 |   159 |   643 |  1423 |   798 |   307 ||  3474
       Deflected         |       |       |       |       |       |     7 |    22 |     1 ||    30
Block: Other             |       |       |       |       |       |       |   153 |    77 ||   230
       Reflection        |       |       |       |       |       |       |    25 |     3 ||    28
